[Event "ICC tourney 3382 (40 10)"]
[Site "Internet Chess Club"]
[Date "2024.02.10"]
[Round "4"]
[White "LIN, MICHAEL:knightseu"]
[Black "SULTAN, BASHIR Cisse:muzikmixer"]
[Result "1-0"]
[ICCResult "Black resigns"]
[WhiteElo "1711"]
[BlackElo "1685"]
[Opening "Old Indian defense"]
[ECO "A42"]
[NIC "OI.07"]
[Time "17:46:39"]
[PlyCount "61"]
[TimeControl "2400+10"]

1. d4 d6 2. c4 e5 3. d5 f5 4. Nc3 Nf6 5. f3 Be7 6. e4 fxe4 7. fxe4 O-O 8.
Nf3 Na6 9. Be3 Nc5 10. Nd2 Ng4 11. Bg1 Bh4+ 12. g3 Qf6 13. Qe2 Bg5 14. O-O-O
Nf2 15. Bxf2 Qxf2 16. h4 Bh6 17. g4 Bxd2+ 18. Rxd2 Qg3 19. g5 Bg4 20. Qg2
Qf4 21. Be2 Bf3 22. Bxf3 Qxf3 23. Qxf3 Rxf3 24. Kc2 Raf8 25. b4 Rxc3+ 26.
Kxc3 Nxe4+ 27. Kd3 Nxd2 28. Kxd2 Rf2+ 29. Kd3 Rxa2 30. c5 Rd2+ 31. Kxd2
{Black resigns}
1-0

[Event "ICC tourney 3382 (40 10)"]
[Site "Internet Chess Club"]
[Date "2024.02.10"]
[Round "4"]
[White "KARAKA, GOWTHAM:gkk432"]
[Black "Kavari, Aarav:aaravkav"]
[Result "1-0"]
[ICCResult "Black checkmated"]
[WhiteElo "1792"]
[BlackElo "1704"]
[Opening "Queen's pawn game"]
[ECO "D02"]
[NIC "QP.08"]
[Time "17:46:39"]
[PlyCount "127"]
[TimeControl "2400+10"]

1. d4 d5 2. Nf3 c6 3. c3 Nf6 4. Bf4 a6 5. e3 Bf5 6. Bd3 Bg6 7. O-O e6 8. Re1
Nbd7 9. Qc2 Be7 10. Nbd2 c5 11. Bxg6 hxg6 12. e4 dxe4 13. Nxe4 O-O 14. Nxf6+
Nxf6 15. dxc5 Bxc5 16. Rad1 Qb6 17. Ne5 Rfd8 18. Bg5 Rxd1 19. Rxd1 Bxf2+ 20.
Qxf2 Qxf2+ 21. Kxf2 Ne4+ 22. Ke3 Nxg5 23. h4 Nh7 24. Rd7 Nf6 25. Rxb7 Nd5+
26. Kf3 f5 27. Nxg6 Re8 28. c4 Nf6 29. Re7 Rxe7 30. Nxe7+ Kf7 31. Nc6 Ke8
32. b4 Nd7 33. b5 axb5 34. cxb5 Nb6 35. Kf4 Kf7 36. Ke5 Nc4+ 37. Kd4 Nd6 38.
a4 Ke8 39. Kc5 Kd7 40. Ne5+ Ke7 41. Kc6 Nc8 42. b6 Nxb6 43. Kxb6 Kd6 44. Nf3
e5 45. a5 e4 46. Ne1 Ke5 47. a6 Kd4 48. a7 Ke3 49. a8=Q Kd2 50. Qa5+ Ke2 51.
Qxf5 Kxe1 52. Qxe4+ Kf2 53. Qd4+ Kxg2 54. Qxg7+ Kf3 55. Qg5 Kf2 56. Qg4 Kf1
57. Qh3+ Kg1 58. Qb3 Kf1 59. Qc2 Kg1 60. Kc5 Kf1 61. Kd4 Kg1 62. Ke3 Kf1 63.
Kf3 Kg1 64. Qg2# {Black checkmated} 1-0

[Event "ICC tourney 3382 (40 10)"]
[Site "Internet Chess Club"]
[Date "2024.02.10"]
[Round "4"]
[White "JACKSON, MASSIMO MATEO:Yeetamus123"]
[Black "Hamlett, James Morrison:Hamlett144"]
[Result "1-0"]
[ICCResult "Black resigns"]
[WhiteElo "1595"]
[BlackElo "1400"]
[Opening "French: Schlechter variation"]
[ECO "C01"]
[NIC "FR.01"]
[Time "17:46:40"]
[PlyCount "69"]
[TimeControl "2400+10"]

1. e4 e6 2. d4 d5 3. Bd3 dxe4 4. Bxe4 Nf6 5. Bf3 c6 6. Ne2 Bd6 7. c4 O-O 8.
O-O Na6 9. Nbc3 Qc7 10. c5 Be7 11. Bf4 Qd7 12. Ng3 Nc7 13. Nge4 Nce8 14. a4
Nd5 15. Nxd5 cxd5 16. Nc3 g5 17. Be3 Ng7 18. Qd2 h6 19. b4 f5 20. Qd3 h5 21.
g3 f4 22. gxf4 gxf4 23. Bd2 Bh4 24. Ne2 Bg5 25. Qg6 Qe7 26. h4 Bxh4 27. Bxf4
Rf6 28. Qg2 Kh7 29. Kh1 Rg6 30. Qh2 Bd7 31. Ng3 Bxg3 32. fxg3 Be8 33. Bxh5
Nxh5 34. Qxh5+ Kg7 35. Be5+ {Black resigns} 1-0

[Event "ICC tourney 3382 (40 10)"]
[Site "Internet Chess Club"]
[Date "2024.02.10"]
[Round "4"]
[White "MA, YUNHUI:niuniuma"]
[Black "KRISHNAN, ASHVATH:K05-30042119"]
[Result "0-1"]
[ICCResult "White resigns"]
[WhiteElo "1561"]
[BlackElo "1763"]
[Opening "Sicilian: closed"]
[ECO "B23"]
[NIC "SI.44"]
[Time "17:46:37"]
[PlyCount "60"]
[TimeControl "2400+10"]

1. e4 c5 2. Nc3 e6 3. f4 a6 4. Nf3 b5 5. d3 Bb7 6. Ne2 d5 7. e5 d4 8. Ng3
Nc6 9. c3 Be7 10. Be2 h5 11. h4 g6 12. O-O Nh6 13. Ng5 Qb6 14. Kh2 Rd8 15.
Kh3 c4 16. cxd4 Nxd4 17. Be3 Bc5 18. Bxd4 Rxd4 19. Qc2 Ng4 20. Qc3 b4 21.
Qd2 cxd3 22. Bxd3 Qd8 23. Rad1 Rd7 24. N3e4 Qb6 25. Qc1 Be7 26. Rfe1 O-O 27.
Rd2 Rfd8 28. Qb1 Bxg5 29. Nxg5 Rxd3+ 30. Rxd3 Rxd3+ {White resigns} 0-1

[Event "ICC tourney 3382 (40 10)"]
[Site "Internet Chess Club"]
[Date "2024.02.10"]
[Round "4"]
[White "ZHANG, RAYMOND TANGNING:DankMemer"]
[Black "KUMAR, ANIRUDH:austinani"]
[Result "0-1"]
[ICCResult "White resigns"]
[WhiteElo "1683"]
[BlackElo "1750"]
[Opening "QGD Slav: 4.e3"]
[ECO "D11"]
[NIC "SL.01"]
[Time "17:46:39"]
[PlyCount "88"]
[TimeControl "2400+10"]

1. d4 d5 2. c4 c6 3. Nf3 Nf6 4. e3 g6 5. Nc3 Bg7 6. Be2 O-O 7. O-O Bg4 8. h3
Bxf3 9. Bxf3 e6 10. b3 Nbd7 11. Bb2 Re8 12. e4 dxe4 13. Nxe4 Nxe4 14. Bxe4
Nf6 15. Bf3 Qd7 16. Qc2 Red8 17. Rad1 Rac8 18. Rfe1 Ne8 19. Rd3 Nc7 20. Red1
Qe7 21. Qe2 Qe8 22. Bg4 Rb8 23. Bc3 Rd7 24. Ba5 b6 25. Bc3 Na6 26. a3 Qe7
27. b4 Rbd8 28. d5 Bxc3 29. Rxc3 Nc7 30. Bf3 cxd5 31. cxd5 Nxd5 32. Bxd5
Rxd5 33. Rxd5 Rxd5 34. Rc8+ Kg7 35. Qc2 Qd6 36. g3 Rd1+ 37. Kh2 Qd5 38. Qc3+
e5 39. g4 Qh1+ 40. Kg3 Qe4 41. Re8 Rd3+ 42. Qxd3 Qxd3+ 43. f3 Qxa3 44. Rxe5
Qxb4 {White resigns} 0-1

[Event "ICC tourney 3382 (40 10)"]
[Site "Internet Chess Club"]
[Date "2024.02.10"]
[Round "5"]
[White "KARAKA, GOWTHAM:gkk432"]
[Black "LIN, MICHAEL:knightseu"]
[Result "1-0"]
[ICCResult "Black checkmated"]
[WhiteElo "1792"]
[BlackElo "1711"]
[Opening "Queen's bishop game"]
[ECO "D02"]
[NIC "QP.08"]
[Time "20:00:26"]
[PlyCount "115"]
[TimeControl "2400+10"]

1. d4 d5 2. Nf3 Nf6 3. Bf4 c5 4. c3 Nc6 5. e3 Qb6 6. Qb3 c4 7. Qxb6 axb6 8.
Nbd2 h6 9. Be2 Bf5 10. O-O e6 11. Rfe1 b5 12. Ne5 b4 13. Nxc6 bxc6 14. Bf3
Be7 15. e4 Bh7 16. exd5 cxd5 17. Nxc4 g5 18. Be5 g4 19. Bxf6 Bxf6 20. Bxd5
Rd8 21. Be4 bxc3 22. bxc3 O-O 23. Bxh7+ Kxh7 24. Ne5 Rc8 25. Nxg4 Bg5 26. g3
Rxc3 27. h4 Be7 28. d5 h5 29. Ne3 Bc5 30. dxe6 fxe6 31. Kg2 Bd4 32. Rac1 Ra3
33. Re2 e5 34. Rc7+ Kg8 35. Nc2 Rxa2 36. Nxd4 Rxe2 37. Nxe2 e4 38. Re7 Rf5
39. Rxe4 Kf7 40. Nf4 Kf6 41. Rb4 Kg7 42. Rb7+ Kg8 43. Rb6 Kh7 44. Rd6 Kg7
45. Rd5 Rf6 46. Nxh5+ Kf7 47. Nxf6 Kxf6 48. Kf3 Kg6 49. Kf4 Kf6 50. Re5 Kg6
51. Rf5 Kg7 52. Kg5 Kh7 53. Rf6 Kg7 54. f3 Kh7 55. Rg6 Kh8 56. Kf6 Kh7 57.
Kf7 Kh8 58. Rh6# {Black checkmated} 1-0

[Event "ICC tourney 3382 (40 10)"]
[Site "Internet Chess Club"]
[Date "2024.02.10"]
[Round "5"]
[White "PAN, ROGER:RogerPbim"]
[Black "MA, YUNHUI:niuniuma"]
[Result "1-0"]
[ICCResult "Black checkmated"]
[WhiteElo "1660"]
[BlackElo "1561"]
[Opening "Queen's pawn, Mason variation"]
[ECO "D00"]
[NIC "QP.08"]
[Time "20:00:21"]
[PlyCount "65"]
[TimeControl "2400+10"]

1. d4 d5 2. Bf4 Nf6 3. e3 e6 4. Nf3 Bd6 5. Nbd2 O-O 6. c3 c5 7. Bg3 Qc7 8.
Bd3 Nbd7 9. Qe2 b6 10. e4 e5 11. dxe5 Nxe5 12. Bxe5 Bxe5 13. O-O Re8 14.
Rfe1 Bb7 15. Nxe5 Rxe5 16. f4 Re7 17. e5 Nd7 18. Qh5 h6 19. Qf5 Nf8 20. Nf3
Bc8 21. Qh5 Ne6 22. g3 Qc6 23. f5 Nf8 24. f6 gxf6 25. Qxh6 Ng6 26. Bxg6 fxg6
27. Qxg6+ Rg7 28. Qxf6 Qb7 29. Qd8+ Kh7 30. Ng5+ Kh6 31. Qf6+ Rg6 32. Nf7+
Kh5 33. Qh4# {Black checkmated} 1-0

[Event "ICC tourney 3382 (40 10)"]
[Site "Internet Chess Club"]
[Date "2024.02.10"]
[Round "5"]
[White "Yang, Daniel Benji Benji:DanielYang99"]
[Black "SULTAN, BASHIR Cisse:muzikmixer"]
[Result "1-0"]
[ICCResult "Black resigns"]
[WhiteElo "1752"]
[BlackElo "1685"]
[Opening "Pirc: Ufimtsev-Pytel variation"]
[ECO "B07"]
[NIC "PU.08"]
[Time "20:00:11"]
[PlyCount "53"]
[TimeControl "2400+10"]

1. e4 d6 2. d4 Nf6 3. Nc3 c6 4. Nf3 Bg4 5. Be2 e6 6. Bg5 Be7 7. Qd2 d5 8. e5
Nfd7 9. Bxe7 Qxe7 10. O-O-O a6 11. h3 Bh5 12. g4 Bg6 13. h4 h5 14. Ng5 c5
15. dxc5 Nc6 16. f4 hxg4 17. Bxg4 Bh5 18. Bxh5 Rxh5 19. Ne2 Nxc5 20. Nd4
Nxd4 21. Qxd4 g6 22. c4 O-O-O 23. cxd5 Rxd5 24. Qc4 Qc7 25. Rxd5 Nd3+ 26.
Rxd3 Qxc4+ 27. Rc3 {Black resigns} 1-0

[Event "ICC tourney 3382 (40 10)"]
[Site "Internet Chess Club"]
[Date "2024.02.10"]
[Round "5"]
[White "Hamlett, James Morrison:Hamlett144"]
[Black "Anand, Anirudh:AnirudhAnand"]
[Result "0-1"]
[ICCResult "White resigns"]
[WhiteElo "1400"]
[BlackElo "1639"]
[Opening "Two knights defense (Modern bishop's opening)"]
[ECO "C55"]
[NIC "IG.01"]
[Time "20:01:04"]
[PlyCount "91"]
[TimeControl "2400+10"]

1. e4 e5 2. Nf3 Nc6 3. Bc4 Nf6 4. d3 h6 5. c3 d6 6. O-O Be7 7. Bb3 O-O 8.
Re1 Be6 9. Bc2 Re8 10. Nbd2 Bf8 11. Nf1 Ne7 12. h3 Ng6 13. Kh2 Qd7 14. Ne3
Nf4 15. Nh4 g6 16. g4 d5 17. exd5 N6xd5 18. Qf3 Be7 19. Nhg2 Nxg2 20. Nxg2
Bd6 21. Kh1 Nf4 22. Nxf4 exf4 23. Bxf4 Bf8 24. Qg3 Qc6+ 25. f3 Rac8 26. d4
Bg7 27. Be4 Qb6 28. Re2 Bc4 29. Rg2 g5 30. Bc2 gxf4 31. Qxf4 Qd6 32. Qf5 Qg6
33. Qxc8 Rxc8 34. Bxg6 fxg6 35. b3 Bd5 36. Rf2 c5 37. Rd1 Rf8 38. Kg2 cxd4
39. cxd4 Rd8 40. Kg3 Bc6 41. Rfd2 Bd5 42. f4 Bf8 43. h4 Bd6 44. Rf1 g5 45.
hxg5 hxg5 46. Rg1 {White resigns} 0-1

[Event "ICC tourney 3382 (40 10)"]
[Site "Internet Chess Club"]
[Date "2024.02.10"]
[Round "5"]
[White "Sabbani, Sharathchandra:sharathsabbani"]
[Black "TRIPATHY, SIDDHARTH KESHAV:Sid907"]
[Result "1/2-1/2"]
[ICCResult "Game drawn by mutual agreement"]
[WhiteElo "1303"]
[BlackElo "1475"]
[Opening "Queen's pawn game"]
[ECO "E00"]
[NIC "QP.07"]
[Time "20:00:07"]
[PlyCount "152"]
[TimeControl "2400+10"]

1. d4 Nf6 2. c4 e6 3. e3 Be7 4. Nc3 O-O 5. Nf3 d5 6. Bd3 c6 7. O-O Re8 8.
Re1 Nbd7 9. Qc2 h6 10. e4 dxe4 11. Bxe4 Nxe4 12. Nxe4 Nf6 13. Be3 Qc7 14.
Rad1 Bd7 15. Nxf6+ Bxf6 16. Qd2 Qd8 17. c5 b5 18. Bf4 a5 19. Re4 Kh7 20. Ne5
Qe7 21. Re3 Bxe5 22. Bxe5 f6 23. Bd6 Qf7 24. Rg3 e5 25. Qd3+ g6 26. dxe5
fxe5 27. Qe3 e4 28. h4 Re6 29. Bf4 h5 30. Rd6 Rae8 31. Qd2 Rxd6 32. Qxd6 Re6
33. Qd2 a4 34. Be3 Rf6 35. Qd4 Bf5 36. a3 Re6 37. Bg5 Qe8 38. Re3 Re5 39.
Qd6 Re6 40. Qc7+ Kg8 41. Bh6 Re7 42. Qd6 Qd7 43. Bf4 Qxd6 44. Bxd6 Rd7 45.
f3 exf3 46. gxf3 Kf7 47. f4 Be6 48. Kf2 Rd8 49. Kf3 Re8 50. Re5 Bg4+ 51. Ke4
Bf5+ 52. Kd4 Re6 53. Kc3 Rxe5 54. Bxe5 Ke6 55. Kd4 Bb1 56. Bc7 Kf5 57. Ke3
Be4 58. Bd8 Bd5 59. Bg5 Kg4 60. Kd4 Kf5 61. Bh6 Be4 62. Kc3 Ke6 63. Kd4 Kf5
64. Bg5 Bd5 65. Ke3 Kg4 66. Kd4 Kf5 67. Kc3 Ke4 68. Kb4 Kd3 69. Bf6 Ke4 70.
Bg5 Kd3 71. Ka5 Ke4 72. Kb6 Kf5 73. Kc7 Be4 74. Kd6 Bd5 75. Ke7 Bf3 76. Kf7
Bd5+ {Game drawn by mutual agreement} 1/2-1/2

[Event "ICC tourney 3382 (40 10)"]
[Site "Internet Chess Club"]
[Date "2024.02.10"]
[Round "5"]
[White "Kavari, Aarav:aaravkav"]
[Black "JACKSON, MASSIMO MATEO:Yeetamus123"]
[Result "1-0"]
[ICCResult "Black resigns"]
[WhiteElo "1704"]
[BlackElo "1595"]
[Opening "Nimzovich-Larsen attack: classical variation"]
[ECO "A01"]
[NIC "VO.08"]
[Time "20:00:11"]
[PlyCount "67"]
[TimeControl "2400+10"]

1. b3 d5 2. Bb2 Nc6 3. Nf3 Nf6 4. e3 g6 5. d4 Bg7 6. Nbd2 Bf5 7. a3 O-O 8.
Be2 Nd7 9. c4 dxc4 10. bxc4 e5 11. d5 e4 12. Bxg7 exf3 13. Nxf3 Kxg7 14.
dxc6 bxc6 15. O-O Nc5 16. Nd4 Bd7 17. Qc2 Rb8 18. Rfd1 Qf6 19. Bf3 Rb6 20.
Rab1 Rfb8 21. Rxb6 cxb6 22. h3 Rc8 23. Qd2 Qg5 24. Kh1 Ne6 25. Qb2 Kg8 26.
Be2 c5 27. Nf3 Qe7 28. Ne5 Ba4 29. Ng4 Ng7 30. Nf6+ Kh8 31. Rd5 Bc6 32. Rd1
Qe6 33. Bg4 Qxc4 34. Bxc8 {Black resigns} 1-0

[Event "ICC tourney 3382 (40 10)"]
[Site "Internet Chess Club"]
[Date "2024.02.10"]
[Round "5"]
[White "KRISHNAN, ASHVATH:K05-30042119"]
[Black "KUMAR, ANIRUDH:austinani"]
[Result "1/2-1/2"]
[ICCResult "Game drawn because neither player has mating material"]
[WhiteElo "1763"]
[BlackElo "1750"]
[Opening "Caro-Kann: advance variation"]
[ECO "B12"]
[NIC "CK.04"]
[Time "20:00:17"]
[PlyCount "144"]
[TimeControl "2400+10"]

1. e4 c6 2. d4 d5 3. e5 Bf5 4. h4 h5 5. Bd3 Bxd3 6. Qxd3 e6 7. Bg5 Be7 8.
Nf3 Nd7 9. Nbd2 g6 10. c4 Qa5 11. O-O Bxg5 12. Nxg5 Ne7 13. Rfe1 O-O 14. Nf1
dxc4 15. Qxc4 Nb6 16. Qd3 c5 17. Ng3 Rad8 18. Nxh5 Rxd4 19. Nf6+ Kg7 20. Qf3
Nbd5 21. Re4 Nf5 22. h5 Qd2 23. Qg4 Rxe4 24. Nxe6+ Kh8 25. Nxe4 Qxb2 26.
Nxf8 Qxa1+ 27. Kh2 Qxe5+ 28. g3 Kg8 29. Nd7 Qh8 30. Nexc5 Qxh5+ 31. Qxh5
gxh5 32. Nxb7 Kg7 33. Ne5 f6 34. Nc6 a6 35. Nc5 Nc7 36. Nb4 a5 37. Nc6 Nd6
38. Nxa5 Ncb5 39. Nab3 Na3 40. Kh3 Kg6 41. Kh4 Nf5+ 42. Kh3 Nd6 43. Nd3 Ne4
44. Nbc5 Nc3 45. Nb4 Nd1 46. Kg2 Kf5 47. Kf3 Nc3 48. Nb3 Ke5 49. Ke3 Nd1+
50. Ke2 Nc3+ 51. Kd3 Nd1 52. f4+ Kf5 53. Nd5 Kg4 54. Ke2 Nb2 55. Nxf6+ Kxg3
56. Nxh5+ Kg4 57. Nf6+ Kxf4 58. Kd2 Ke5 59. Ng4+ Kd5 60. Ne3+ Ke4 61. Nc2
Nxc2 62. Kxc2 Na4 63. Nd2+ Kd5 64. Kb3 Nb6 65. Nb1 Kc5 66. Nc3 Kc6 67. Kb4
Nd7 68. Nb5 Nb8 69. a4 Na6+ 70. Ka5 Nc5 71. Nd4+ Kd5 72. Nb5 Nxa4
{Game drawn because neither player has mating material}
1/2-1/2